 Dungeon Crawl Stone Soup version 0.28-a0-312-gbced6e68ee (webtiles) character file.

Game seed: 3626836602479358721

481 Archison the Covert (level 6, -5/29 HPs)
             Began as a Spriggan Enchanter on Aug 30, 2021.
             Slain by a gnoll sergeant (14 damage)
             ... on level 5 of the Dungeon.
             The game lasted 00:24:47 (6481 turns).

Archison the Covert (Spriggan Enchanter)            Turns: 6481, Time: 00:24:47

Health: -5/29      AC:  4    Str:  4    XL:     6   Next: 87%
Magic:  14/20      EV: 19    Int: 18    God:
Gold:   270        SH:  0    Dex: 16    Spells: 3/11 levels left

rFire   . . .      SeeInvis +   g - +3 dagger (protect)
rCold   . . .      Faith    .   (shield restricted)
rNeg    + . .      Spirit   .   b - +0 robe
rPois   .          Reflect  .   (helmet restricted)
rElec   .          Harm     .   c - +1 cloak
rCorr   .          Rampage  .   (gloves unavailable)
Will    +....                   (boots unavailable)
Stlth   ++++......              e - amulet of the acrobat
HPRegen 0.09/turn               k - ring of magical power
MPRegen 0.17/turn               h - ring of positive energy

@: very quick
A: very small, no large weapons, unfitting armour, see invisible, speed 3
a: no special abilities


You were on level 5 of the Dungeon.
You visited 1 branch of the dungeon, and saw 5 of its levels.

You collected 270 gold pieces.

Inventory:

Hand Weapons
 g - a +3 dagger of protection (weapon)
Armour
 b - a +0 robe (worn)
 c - a +1 cloak (worn)
Jewellery
 e - an amulet of the acrobat (around neck)
 h - a ring of positive energy (right hand)
 k - a ring of magical power (left hand)
 l - a ring of ice
Scrolls
 d - a scroll of fear {unknown}
 f - a scroll of silence
 i - 2 scrolls of enchant armour {unknown}
 m - a scroll of teleportation
Potions
 a - a potion of cancellation {unknown}
 j - a potion of curing


   Skills:
 + Level 0.7 Fighting
 - Level 1.1 Short Blades
 * Level 4.4 Dodging
 * Level 8.8 Stealth
 - Level 3.0 Spellcasting
 * Level 5.8 Hexes
 - Level 1.1 Ice Magic


You had 3 spell levels left.
You knew the following spells:

 Your Spells              Type           Power      Damage    Failure   Level
a - Ensorcelled Hibernat  Hex/Ice        30%        N/A       6%          2
b - Confusing Touch       Hex            23%        N/A       4%          3
c - Dazzling Flash        Conj/Hex       26%        N/A       14%         3

Your spell library contained the following spells:

 Spells                   Type           Power      Damage    Failure   Level
 Tukima's Dance           Hex            23%        N/A       4%          3


Dungeon Overview and Level Annotations

Branches:
Dungeon (5/15)
 Temple: D:4-7

Altars:


Innate Abilities, Weirdness & Mutations

You are very small and have problems with some larger weapons.
You are too small for most types of armour.
You have supernaturally acute eyesight. (SInv)
You cover ground extremely quickly. (Speed+++)


Message History

Found 5 gold pieces.
Found 5 gold pieces.
Found 11 gold pieces.
The gnoll shouts!
You hear a shout!
You see here 5 gold pieces.
Casting: Ensorcelled Hibernation (safe; 6% risk of failure)
Confirm with . or Enter, or press ? or * to list all spells.
Aiming: Ensorcelled Hibernation (safe; 6% risk of failure)
Press: ? - help, Shift-Dir - straight line, f - gnoll
Aim: a gnoll, wielding a +0 whip (chance to affect: 54%)
The gnoll looks drowsy...
The gnoll sergeant shouts!
You see here a +0 rapier.
Found a potion of curing.
The gnoll completely misses you.
The gnoll shouts!
You hit the gnoll.
Your weapon exudes an aura of protection.
The gnoll is heavily wounded.
The gnoll hits you with a +0 spear.
Casting: Ensorcelled Hibernation (safe; 6% risk of failure)
Confirm with . or Enter, or press ? or * to list all spells.
Aiming: Ensorcelled Hibernation (safe; 6% risk of failure)
Press: ? - help, Shift-Dir - straight line, f - gnoll, p - gnoll
Aim: a gnoll, wielding a +0 spear (chance to affect: 54%)
The gnoll resists with significant effort.
The gnoll completely misses you. x2
You hit the gnoll.
The gnoll is severely wounded.
The gnoll sergeant hits you from afar with a +5 trident of freezing!
The gnoll sergeant freezes you.
* * * LOW HITPOINT WARNING * * *
The gnoll closely misses you. The gnoll completely misses you.
Hit: g) +3 dagger (protect)
Press: ? - help, Dir - move target, f - you
Okay, then.
Okay, then.
You see here a potion of curing.
j - a potion of curing The gnoll sergeant hits you with a +5 trident of freezing!
You die...

........)...(###....)..##..
#..............# ###.##...... .#.
.......?.......####..#..#)...
.#..#...........g...........#.o##
.#.##............g......##.....##
...............$.##......#...###.
............(...####........).#..
...............g####.....###.o...
.........(..#...@.#...#.## ##...#
......#..(..#..$.........# #8...8
>...###.............###.#..##...#
..###.............### ....##...#
###...[........##.# #####....
#..###...#### ... 8....
###.####...### ##.# ##....
.g.).#...))..# ### ........###..#


You could see a gnoll sergeant.

Vanquished Creatures
  An ice beast (D:5)
  A hound (D:4)
  An orc priest (D:3)
  A gnoll shaman (D:5)
  A bullfrog skeleton (D:4)
  2 orc wizards (D:4)
  An iguana (D:4)
  7 gnolls
  2 adders
  A shadow imp (D:4)
  A worm (D:2)
  2 dart slugs
  8 orcs
  8 ball pythons
  5 endoplasms
  A giant cockroach (D:3)
  6 goblins
  5 hobgoblins
  20 jackals
  A quokka (D:1)
  4 bats
  3 frilled lizards
  5 kobolds
  A quokka skeleton (D:4)
  10 rats
98 creatures vanquished.

Notes
Turn   | Place    | Note
-------+----------+-------------------------------------------
     0 | D:1      | Archison the Spriggan Enchanter began the quest for the
                  | Orb.
     0 | D:1      | Reached XP level 1. HP: 9/9 MP: 5/5
    30 | D:1      | Found a faded altar of an unknown god.
   890 | D:1      | Reached XP level 2. HP: 11/13 MP: 7/7
   906 | D:1      | Learned a level 2 spell: Ensorcelled Hibernation
  1324 | D:1      | Reached skill level 5 in Stealth
  1573 | D:1      | Reached XP level 3. HP: 16/16 MP: 3/8
  2329 | D:2      | Learned a level 3 spell: Confusing Touch
  2333 | D:2      | Learned a level 3 spell: Dazzling Flash
  2784 | D:2      | Reached XP level 4. HP: 21/21 MP: 0/9
  3403 | D:3      | Reached skill level 6 in Stealth
  4600 | D:3      | HP: 1/21 [orc priest/divine providence (14)]
  4831 | D:3      | Reached skill level 1 in Ice Magic
  4979 | D:4      | Reached XP level 5. HP: 24/24 MP: 10/10
  5077 | D:4      | Reached skill level 7 in Stealth
  5533 | D:5      | Entered Level 5 of the Dungeon
  5533 | D:5      | Noticed an ice beast
  5546 | D:5      | Killed an ice beast
  5547 | D:5      | Reached skill level 5 in Hexes
  5547 | D:5      | Reached XP level 6. HP: 17/29 MP: 11/11
  5692 | D:5      | Reached skill level 8 in Stealth
  6481 | D:5      | Slain by a gnoll sergeant

Illustrated notes

Levels and vault maps discovered:
D:1:      dpeg_arrival_rooms_a, layout_basic,
          hellmonk_ecumenical_altar_crossroads
D:2:      layout_rooms, minmay_domino_2
D:3:      layout_loops_ring
D:4:      minmay_spotlight, layout_rooms, grunt_ministairs_3
D:5:      layout_cave_pools, corexii_hall_statues_s

Skill      XL: |  1  2  3  4  5  6 |
---------------+-------------------+-----
Spellcasting   | 3 |  3.0
Dodging        | 3 4 |  4.4
Stealth        | 5 6 7 8 |  8.8
Hexes          | 4 5 |  5.8
Ice Magic      | 1 |  1.1
Fighting       | |  0.7
Short Blades   | |  1.1

Action                   |  1- 3 |  4- 6 || total
-------------------------+-------+-------++-------
Melee: Dagger            |   112 |   122 ||   234
 Cast: Ensorcelled Hiber |    38 |    74 ||   112
       Confusing Touch   |       |     1 ||     1
  Use: Scroll            |     4 |     3 ||     7
       Potion            |       |     3 ||     3
 Stab: Sleeping          |    24 |    45 ||    69
       Confused          |       |     1 ||     1
Armor: Robe              |    21 |    19 ||    40
Dodge: Dodged            |   109 |    98 ||   207

Table legend: (Time is in decaauts)
 A = Elapsed time spent in this place.
 B = Non-inter-level travel time spent in this place.
 C = Inter-level travel time spent in this place.
 D = Time resting spent in this place.
 E = Time spent auto-exploring this place.
 F = Levels seen in this place.
 G = Mean time per level.
                   A        B        C        D        E       F      G
               +--------+--------+--------+--------+--------+-----+--------+
         Total |   5171 |   5139 |     32 |   2054 |   1739 |   5 | 1034.2 |
       Dungeon |   5171 |   5139 |     32 |   2054 |   1739 |   5 | 1034.2 |
               +--------+--------+--------+--------+--------+-----+--------+

Top non-repeatable levels by time:
     D:1: 1772 daAuts
     D:3: 1348 daAuts
     D:4: 879 daAuts
     D:2: 848 daAuts
     D:5: 323 daAuts
